 Dungeon Crawl Stone Soup version 0.30.0-29-ga12c61a403 (webtiles) character file.

Game seed: 12333232226217744237

205 comborobin the Covert (level 5, 0/47 HPs)
             Began as a Gnoll Delver on June 6, 2023.
             Slain by a killer bee (5 damage)
             ... on level 8 of the Dungeon.
             The game lasted 00:01:56 (760 turns).

comborobin the Covert (Gnoll Delver)                 Turns: 760, Time: 00:01:56

Health: 0/47       AC:  3    Str: 14    XL:     5   Next: 83%
Magic:  7/7        EV: 13    Int:  9    God:
Gold:   0          SH:  0    Dex: 13    Spells: 7/7 levels left

rFire   . . .        h - +2 hand axe (heavy)
rCold   . . .        (no shield)
rNeg    . . .        b - +0 leather armour
rPois   .            (no helmet)
rElec   .            (no cloak)
rCorr   .            (no gloves)
SInv    .            (no boots)
Will    .....        (no amulet)
Stlth   ++++         (no ring)
HPRegen 0.27/turn    (no ring)
MPRegen 0.10/turn

%: no passive effects
@: hasted (expiring), very quick
A: fangs 1, strong nose, distributed training
a: no special abilities


You were on level 8 of the Dungeon.
You visited 1 branch of the dungeon, and saw 4 of its levels.

Inventory:

Hand Weapons
 a - a +0 hand axe
 h - a +2 heavy hand axe (weapon)
Armour
 b - a +0 leather armour (worn)
Wands
 g - a wand of digging (3)
Scrolls
 c - a scroll of fog


   Skills:
 + Level 6.7 Fighting
 + Level 1.7 Short Blades
 + Level 1.7 Long Blades
 + Level 4.9 Axes
 + Level 1.7 Maces & Flails
 + Level 1.7 Polearms
 + Level 1.7 Staves
 + Level 1.7 Ranged Weapons
 + Level 1.7 Throwing
 + Level 1.7 Armour
 + Level 4.9 Dodging
 + Level 9.7 Stealth
 + Level 1.7 Shields
 + Level 1.7 Unarmed Combat
 + Level 1.7 Spellcasting
 + Level 1.3 Conjurations
 + Level 1.3 Hexes
 + Level 1.3 Summonings
 + Level 1.3 Necromancy
 + Level 1.3 Translocations
 + Level 1.3 Transmutations
 + Level 1.3 Fire Magic
 + Level 1.3 Ice Magic
 + Level 1.3 Air Magic
 + Level 1.3 Earth Magic
 + Level 1.3 Poison Magic
 + Level 2.0 Invocations
 + Level 1.7 Evocations


You had 7 spell levels left.
You didn't know any spells.
Your spell library was empty.

Dungeon Overview and Level Annotations

Branches:
Dungeon (8/15)
 Temple: D:4-7         Lair: D:8-11

Altars:

Shops:
D:7 (

Annotations:
D:8 Maurice


Innate Abilities, Weirdness & Mutations

You have very sharp teeth.
Your uncanny sense of smell can sniff out nearby items.
Your experience applies equally to all skills.


Message History

The killer bee completely misses you.
The killer bee stings you but does no damage.
The killer bee completely misses you.
You miss the killer bee. The killer bee closely misses you. x2
You slash the killer bee!
The killer bee is heavily wounded.
The killer bee closely misses you. x2
You hit the killer bee. Your punch misses the killer bee.
The killer bee is severely wounded.
The killer bee stings you. The killer bee closely misses you.
You barely miss the killer bee.
The killer bee is severely wounded.
The killer bee stings you but does no damage.
The killer bee misses you.
You hit the killer bee.
You kill the killer bee!
Your Invocations skill increases to level 2!
A killer bee is nearby!
The killer bee closely misses you.
You miss the killer bee.
You bite the killer bee, but do no damage.
The killer bee stings you! The killer bee stings you.
You closely miss the killer bee. The killer bee stings you.
The killer bee stings you but does no damage.
You barely miss the killer bee.
The killer bee buzzes angrily.
The killer bee stings you. x2
* * * LOW HITPOINT WARNING * * *
The killer bee buzzes angrily.
You miss the killer bee. You hit the killer bee.
Your extra speed is starting to run out.
The killer bee barely misses you. The killer bee stings you.
* * * LOW HITPOINT WARNING * * *
The killer bee closely misses you. The killer bee stings you.
* * * LOW HITPOINT WARNING * * *
You slash the killer bee!
You bite the killer bee, but do no damage.
The killer bee is severely wounded.
You miss the killer bee. The killer bee stings you.
You die...

.#.#.[)..# .#.###.### .#.#
#.# ##### ,#.# #.# #...#
,#.# #.# #.#.# *#.# #.#
#.#.# #.###.###########.#.#
##.....)......yyy#.#.#######
...#.........###@#.#.......#
...#.........# #.#.#######.#
...#.........# #.#......(..#
...#..~..~...# #.########[.#
...#.....~...# #.# #..#
...#.........# #.# #..#
...#.........# #.# #..#
...#.........# #.########..#
...#.........# #...........#


You could see 3 killer bees.

Vanquished Creatures
  A killer bee (D:8)
  An orc priest (D:8)
  4 orcs (D:8)
6 creatures vanquished.

Vanquished Creatures (collateral kills)
  2 bullfrogs (D:8)
2 creatures vanquished.

Vanquished Creatures (others)
  An orc (D:8)
1 creature vanquished.

Grand Total: 9 creatures vanquished

Notes
Turn   | Place    | Note
-------+----------+-------------------------------------------
     0 | D:5      | Reached skill level 9 in Stealth
     0 | D:5      | comborobin the Gnoll Delver began the quest for the Orb.
     0 | D:5      | Reached XP level 1. HP: 23/23 MP: 1/1
    12 | D:5      | Noticed an iguana
    13 | D:5      | Noticed a gnoll bouda
    30 | D:7      | Found Caprulom's Antique Weapon Shop.
   136 | D:8      | Noticed Maurice
   389 | D:8      | Killed a bullfrog
   390 | D:8      | Reached skill level 1 in Short Blades
   390 | D:8      | Reached skill level 1 in Long Blades
   390 | D:8      | Reached skill level 1 in Maces & Flails
   390 | D:8      | Reached skill level 1 in Polearms
   390 | D:8      | Reached skill level 1 in Staves
   390 | D:8      | Reached skill level 1 in Ranged Weapons
   390 | D:8      | Reached skill level 1 in Throwing
   390 | D:8      | Reached skill level 1 in Armour
   390 | D:8      | Reached skill level 1 in Shields
   390 | D:8      | Reached skill level 1 in Unarmed Combat
   390 | D:8      | Reached skill level 1 in Spellcasting
   390 | D:8      | Reached skill level 1 in Invocations
   390 | D:8      | Reached skill level 1 in Evocations
   390 | D:8      | Reached XP level 2. HP: 8/29 MP: 1/3
   390 | D:8      | Reached XP level 3. HP: 10/35 MP: 1/4
   390 | D:8      | Reached XP level 4. HP: 12/41 MP: 1/5
   577 | D:8      | Noticed a bullfrog
   582 | D:8      | Killed a bullfrog
   583 | D:8      | Reached skill level 1 in Conjurations
   583 | D:8      | Reached skill level 1 in Hexes
   583 | D:8      | Reached skill level 1 in Summonings
   583 | D:8      | Reached skill level 1 in Necromancy
   583 | D:8      | Reached skill level 1 in Translocations
   583 | D:8      | Reached skill level 1 in Transmutations
   583 | D:8      | Reached skill level 1 in Fire Magic
   583 | D:8      | Reached skill level 1 in Ice Magic
   583 | D:8      | Reached skill level 1 in Air Magic
   583 | D:8      | Reached skill level 1 in Earth Magic
   583 | D:8      | Reached skill level 1 in Poison Magic
   583 | D:8      | Reached XP level 5. HP: 47/47 MP: 5/7
   643 | D:8      | Noticed a troll
   672 | D:8      | Noticed an ice beast
   760 | D:8      | Slain by a killer bee

Illustrated notes

Levels and vault maps discovered:
D:5:      minmay_octagon_keep, layout_rooms, minmay_temple_entry_stoned_glass,
          serial_shops, nicolae_shop_temple_entry_statues_fountains, st_stairs_5
D:6:      layout_rooms, gammafunk_temple_overflow_forgotten,
          minmay_tree_intersection, uniq_prince_ribbit1
D:7:      layout_layer_cave, nicolae_tso_carved_into_rock, serial_shops,
          nicolae_stop_n_shop_2
D:8:      layout_basic, uniq_maurice

Skill      XL: |  1  2  3  4  5 |
---------------+----------------+-----
Stealth        | |  9.7
Short Blades   | 1 |  1.7
Long Blades    | 1 |  1.7
Maces & Flails | 1 |  1.7
Polearms       | 1 |  1.7
Staves         | 1 |  1.7
Ranged Weapons | 1 |  1.7
Throwing       | 1 |  1.7
Armour         | 1 |  1.7
Shields        | 1 |  1.7
Unarmed Combat | 1 |  1.7
Spellcasting   | 1 |  1.7
Invocations    | 1 2 |  2.0
Evocations     | 1 |  1.7
Conjurations   | 1 |  1.3
Hexes          | 1 |  1.3
Summonings     | 1 |  1.3
Necromancy     | 1 |  1.3
Translocations | 1 |  1.3
Transmutations | 1 |  1.3
Fire Magic     | 1 |  1.3
Ice Magic      | 1 |  1.3
Air Magic      | 1 |  1.3
Earth Magic    | 1 |  1.3
Poison Magic   | 1 |  1.3
Fighting       | |  6.7
Axes           | |  4.9
Dodging        | |  4.9

Action                     |  1- 3 |  4- 6 || total
---------------------------+-------+-------++-------
  Melee: Hand axe          |    12 |    17 ||    29
         Bite              |     1 |     2 ||     3
         Punch             |     1 |       ||     1
  Throw: Dart              |     2 |     5 ||     7
    Use: Scroll            |     1 |     2 ||     3
         Potion            |       |     1 ||     1
 Armour: Leather armour    |     2 |     3 ||     5
  Dodge: Dodged            |     9 |    25 ||    34
